 Dungeon Crawl Stone Soup version 0.18.1-8-gdd0e5ea (webtiles) character file.

671606 st0uf the Intangible (level 27, -8/264 (269) HPs)
             Began as a Purple Draconian Skald on May 31, 2016.
             Was the Champion of the Shining One.
             Splashed by an acid blob's acid (13 damage)
             ... created by the Royal Jelly
             ... on level 5 of the Pits of Slime on June 5, 2016.
             The game lasted 12:00:57 (83715 turns).

st0uf the Intangible (Purple Draconian Skald)      Turns: 83715, Time: 12:00:57

HP:   -8/264 (269)  AC:  7    Str: 40    XL:     27
MP:   19/38         EV: 23    Int: 13    God:    the Shining One [******]
Gold: 5825          SH: 18    Dex:  9    Spells: 12 memorised, 16 levels left

rFire  + + +     SeeInvis .     Q - +6 flail "Imoedypp" {crush, rN++ Str+10 Dex-3 Stlth+}
rCold  + + .     Gourm    .     (armour unavailable)
rNeg   + + +     Faith    .     a - +0 shield "Ogry" {rC+ MR+ Dex-2 Slay+5}
rPois  +         Spirit   .     y - +0 hat "Uqialut" {rC++}
rElec  +         Dismiss  .     F - +3 cloak of Rak Yqeq {MR+}
rCorr  .         Reflect  +     Z - +3 pair of gauntlets of War {Slay+5}
SustAt +         Harm     .     P - +1 pair of boots "Juusyrch" {Dex+6}
MR     +++++     Rnd*Tele +     E - amulet of Yruitisa {Reflect rElec SH+3}
Stlth  +.........               V - ring "Orchum" {SustAt +Fly rC- Str+6 Stlth+}
                                r - ring of Finality {Wiz +Blink rPois rF+++ Dex-4}

@: short of breath, corroded, glowing, almost entirely resistant to hostile
enchantments, very unstealthy
A: breathe power, unfitting armour, horns 1, blurry vision 1, clumsy 1, mutation
resistance 1, screaming 2, teleportitis 1, cold-blooded, AC +13
a: Breathe Dispelling Energy, Divine Shield, Cleansing Flame, Summon Divine
Warrior, Renounce Religion, Evoke Blink, Evoke Flight
}: 4/15 runes: decaying, serpentine, silver, golden


You were on level 5 of the Pits of Slime.
You worshipped the Shining One.
The Shining One was exalted by your worship.
You were not hungry.

You visited 12 branches of the dungeon, and saw 57 of its levels.
You also visited: Labyrinth, Trove, Ice Cave, Volcano and Wizlab.

You collected 9666 gold pieces.
You spent 3841 gold pieces at shops.

Inventory:

Hand Weapons
 u - a +9 morningstar of holy wrath
 Q - the +6 flail "Imoedypp" (weapon) {crush, rN++ Str+10 Dex-3 Stlth+}
   (You found it on level 7 of the Dungeon)

   It inflicts extra damage upon your enemies.
   It affects your strength (+10).
   It affects your dexterity (-3).
   It greatly protects you from negative energy.
   It makes you more stealthy.
Missiles
 g - 1641 stones (quivered)
Armour
 a - the +0 shield "Ogry" (worn) {rC+ MR+ Dex-2 Slay+5}
   (You acquired it on level 1 of the Lair of Beasts)

   It affects your dexterity (-2).
   It affects your accuracy and damage with ranged weapons and melee attacks
   (+5).
   It protects you from cold.
   It affects your resistance to hostile enchantments.
 y - the +0 hat "Uqialut" (worn) {rC++}
   (You found it on level 1 of the Vaults)

   It greatly protects you from cold.
 F - the +3 cloak of Rak Yqeq (worn) {MR+}
   (You found it in a treasure trove)

   It affects your resistance to hostile enchantments.
 P - the +1 pair of boots "Juusyrch" (worn) {Dex+6}
   (You found it on level 7 of the Lair of Beasts)

   It affects your dexterity (+6).
 U - the +0 mask of the Dragon {MR+ Slay+3 SInv}
   (You found it on level 4 of the Lair of Beasts)

   It affects your accuracy and damage with ranged weapons and melee attacks
   (+3).
   It affects your resistance to hostile enchantments.
   It lets you see invisible.
 Z - the +3 pair of gauntlets of War (worn) {Slay+5}
   (You found it on level 5 of the Vaults)

   It affects your accuracy and damage with ranged weapons and melee attacks
   (+5).
Jewellery
 n - the ring of Starshine {rC+ rN++ Int-5 Slay+5 SInv}
   (You found it on level 3 of the Elven Halls)

   [ring of protection from cold]

   It affects your intelligence (-5).
   It affects your accuracy and damage with ranged weapons and melee attacks
   (+5).
   It protects you from cold.
   It greatly protects you from negative energy.
   It lets you see invisible.
 r - the ring of Finality (left hand) {Wiz +Blink rPois rF+++ Dex-4}
   (You took it off a deep elf knight on level 3 of the Elven Halls)

   [ring of wizardry]

   It improves your spell success rate.
   It affects your dexterity (-4).
   It renders you almost immune to fire.
   It protects you from poison.
   It lets you blink.
 E - the amulet of Yruitisa (around neck) {Reflect rElec SH+3}
   (You found it on level 3 of the Elven Halls)

   [amulet of reflection]

   It shields you and reflects attacks.
   It insulates you from electricity.
   It affects your SH (+3).
 J - an uncursed ring of resist corrosion
 V - the ring "Orchum" (right hand) {SustAt +Fly rC- Str+6 Stlth+}
   (You found it on level 3 of the Tomb of the Ancients)

   [ring of sustain attributes]

   It sustains your strength, intelligence and dexterity.
   It affects your strength (+6).
   It makes you vulnerable to cold.
   It lets you fly.
   It makes you more stealthy.
Wands
 o - a wand of heal wounds (2/9)
 z - a wand of digging (13/24)
 O - a wand of hasting (1/9)
 X - a wand of disintegration (14/24)
Scrolls
 d - 22 scrolls of remove curse
 e - 3 scrolls of identify
 f - a scroll of silence
 j - 3 scrolls of magic mapping
 q - 7 scrolls of teleportation
 B - 7 scrolls of blinking
 G - 3 scrolls of holy word
 M - 10 scrolls of recharging
 R - 2 scrolls of fear
 T - 12 scrolls of fog
 Y - 2 scrolls of summoning
Potions
 b - 2 potions of flight
 h - a potion of cure mutation
 i - 4 potions of cancellation
 k - 4 potions of magic
 m - 7 potions of heal wounds
 t - 23 potions of curing
 v - 3 potions of resistance
 x - 5 potions of agility
 A - 12 potions of brilliance
 H - 5 potions of might
 I - 2 potions of berserk rage
 L - 2 potions of haste
Miscellaneous
 S - a figurine of a ziggurat
Comestibles
 c - 8 bread rations
 N - 30 meat rations


   Skills:
 + Level 26.2 Fighting
 - Level 15.2 Maces & Flails
 - Level 1.2 Throwing
 O Level 27 Dodging
 - Level 15.0 Shields
 - Level 11.2 Spellcasting
 + Level 8.6 Conjurations
 + Level 9.2 Hexes
 - Level 10.1 Charms
 - Level 10.2 Translocations
 * Level 5.4 Air Magic
 * Level 14.3 Invocations


You had 16 spell levels left.
You knew the following spells:

 Your Spells              Type           Power        Failure   Level  Hunger
a - Infusion              Chrm           ####         1%          1    None
b - Song of Slaying       Chrm           ####....     1%          2    None
c - Shroud of Golubria    Chrm/Tloc      ####......   1%          2    None
d - Spectral Weapon       Hex/Chrm       ####....     1%          3    #......
e - Repel Missiles        Chrm/Air       ####..       1%          2    None
f - Cause Fear            Hex            ####......   1%          4    ###....
g - Apportation           Tloc           ####......   1%          1    None
h - Blink                 Tloc           N/A          1%          2    None
i - Magic Dart            Conj           ####         1%          1    None
j - Force Lance           Conj/Tloc      ####....     1%          4    ###....
k - Passage of Golubria   Tloc           N/A          1%          4    ###....
l - Haste                 Chrm           ####....     12%         6    ######.


Dungeon Overview and Level Annotations

Branches:
Dungeon (15/15)            Temple (1/1) D:7            Lair (8/8) D:9
  Swamp (4/4) Lair:4        Snake (4/4) Lair:3        Slime (6/6) Lair:6
    Orc (2/2) D:12            Elf (3/3) Orc:2        Vaults (5/5) D:13
  Crypt (3/3) Vaults:3       Tomb (3/3) Crypt:3      Depths (3/5) D:15

Altars:
Ashenzari
Cheibriados
Dithmenos
Elyvilon
Fedhas
Gozag
Kikubaaqudgha
Makhleb
Nemelex Xobeh
Okawaru
Pakellas
Qazlal
Ru
Sif Muna
Trog
Vehumet
Xom
Yredelemnul
Zin
The Shining One
Beogh
Jiyva

Shops:
D:4 =   D:5 (   D:7 [   Orc:2 *(*!   Elf:1 ?   Snake:2 :   Snake:3 [
Vaults:3 !   Vaults:4 !?   Depths:3 %

Portals:
Hell: Depths:1 Depths:2 Depths:3
Pandemonium: Depths:3
Ziggurat: Depths:3

Annotations:
Swamp:3 exclusion: 3 downstairs
Slime:6 Royal Jelly


Innate Abilities, Weirdness & Mutations

You can breathe bolts of dispelling energy.
Your rich purple scales are hard (AC +13).
Your body does not fit into most forms of armour.
You are cold-blooded and may be slowed by cold attacks.
You have a pair of small horns on your head.
Scrolls take you a little longer to read.
You are clumsy. (Dex -2)
You are somewhat resistant to further mutation.
You sometimes yell uncontrollably at your foes.
You are occasionally teleported next to monsters.


Message History

Your slime creature dies!
The acid blob closely misses you. The acid blob spits acid at you.
The splash of acid hits you! The Shining One protects you from harm!
The acid burns!
* * * LOW HITPOINT WARNING * * *
You climb upwards.
There is a stone staircase leading down, spattered with blood here.
Drink which item? (? for menu, Esc to quit)
You feel much better. The acid blob spits acid at you.
The splash of acid reflects off an invisible shield around you!
The splash of acid hits the acid blob.
The acid blob completely resists.
The acid blob completely misses you. The acid blob spits acid at you.
The splash of acid hits you!
* * * LOW HITPOINT WARNING * * *
The acid burns!
You die...

#.##..............#
.......<..........#
#.#...............#
##.#......<.......#
#.................#
.#.#.............#.
...##...........##
........J.....### .
.......@J.......#...
......J.J...........
.#..................
.........##.........
....#...............
..####......#.......
.. #......#........
##....##..>.....
#....# .......#


You could see 4 acid blobs.

Vanquished Creatures
  Dissolution (Slime:4)
  3 ancient liches
  The ghost of Liquid the Peltast, a legendary HuFi of the Shining One (Vaults:5)
  Boris (Tomb:3)
  27 greater mummies
  Sojobo (Tomb:3)
  the Lernaean hydra (Swamp:4)
  Vashnia (Snake:2)
  4 golden dragons
  the Enchantress (Depths:2)
  Nikola (Vaults:2)
  A shard shrike zombie (Crypt:2)
  Rupert (Orc:1)
  9 liches
  3 deep elf blademasters
  9 titans
  20 acid blobs
  8 sphinxes (Tomb:1)
  9 ancient champions
  10 tengu reavers
  2 storm dragons (Vaults:5)
  5 shadow dragons
  8 thorn hunters
  Donald (Orc:2)
  2 revenants (Crypt:3)
  4 fire giants
  9 greater nagas
  16 azure jellies
  An orc warlord (Vaults:3)
  4 deep elf sorcerers
  An iron dragon (Vaults:5)
  11 vault wardens
  A frost giant (Vaults:5)
  3 curse skulls
  3 deep elf elementalists
  Aizul (Snake:2)
  A reaper (Crypt:3)
  A stone giant (shapeshifter) (Depths:2)
  4 spriggan defenders
  3 ghouls (Crypt:2)
  14 stone giants
  15 very ugly things
  16 ironheart preservers
  5 deep elf demonologists
  6 bennus
  2 salamander stormcallers (Vaults:5)
  6 deep elf annihilators
  6 vampire knights
  A lorocyproca (Depths:3)
  Azrael (D:12)
  5 spark wasps (Depths:3)
  9 death oozes (Slime:6)
  11 deep elf death magi
  Snorg (D:11)
  14 ettins
  5 jiangshi (Crypt:2)
  A crystal guardian (Vaults:5)
  9 eidola
  3 fire dragons
  15 yaktaur captains
  2 minotaurs
  32 mummy priests
  Josephine (Orc:2)
  A quicksilver dragon zombie (Vaults:5)
  35 vault guards
  9 great orbs of eyes
  3 deep elf high priests
  Fannar (Lair:3)
  A quicksilver dragon skeleton (Crypt:3)
  3 entropy weavers
  A hell beast (Depths:2)
  4 rakshasas
  6 ice dragons
  4 spriggan air magi
  19 naga warriors
  The ghost of georgeearnest the Grappler, a novice TrMo of Pakellas (Lair:1)
  10 centaur warriors
  24 hydras
  13 ogre magi
  6 death knights
  The ghost of Gagarin the Protected, a novice MiFi of the Shining One (Lair:1)
  35 dancing weapons
  2 satyrs (Depths:2)
  3 tengu warriors
  17 anacondas
  12 alligators
  7 deep troll shamans
  3 spriggan berserkers
  8 deep troll earth magi
  6 vampire magi
  2 small abominations
  Urug (D:15)
  16 naga sharpshooters
  4 death yaks (Lair:8)
  7 shock serpents
  A storm dragon zombie (Crypt:3)
  10 soul eaters
  22 deep elf knights
  Sonja (D:15)
  Nergalle (Lair:1)
  A hell knight (Vaults:2)
  27 skeletal warriors
  2 iron trolls (Depths:3)
  4 salamander mystics
  A titan skeleton (Crypt:3)
  47 death scarabs
  A deep troll (shapeshifter) (Elf:1)
  6 flayed ghosts
  An unseen horror (shapeshifter) (Vaults:4)
  A golden dragon zombie (Tomb:1)
  A giant orange brain (shapeshifter) (Vaults:5)
  10 swamp dragons
  4 giant orange brains
  13 naga ritualists
  13 hill giants
  A ghost moth zombie (Crypt:3)
  6 unseen horrors
  A lindwurm (shapeshifter) (Vaults:4)
  17 phantasmal warriors
  3 shambling mangroves
  27 anubis guards
  23 deep trolls
  18 orc knights
  An anaconda skeleton (Tomb:2)
  9 deep elf archers
  20 ironbrand convokers
  A statue (Volcano)
  78 deep elf magi
  A wolf spider zombie (Crypt:1)
  2 frost giant zombies (Crypt:3)
  An orb spider (shapeshifter) (Depths:3)
  3 harpies (Vaults:3)
  2 wolf spiders
  5 hornets
  15 necromancers
  14 mana vipers
  2 griffons
  A shining eye (shapeshifter) (Vaults:4)
  A fire giant zombie (Vaults:4)
  2 oklob plants (Swamp:3)
  6 fauns (Depths:2)
  3 orc sorcerers
  A shadow dragon skeleton (Tomb:2)
  A manticore (shapeshifter) (Vaults:5)
  51 ugly things
  10 cyclopes
  3 manticores
  5 fire giant skeletons
  7 salamanders
  12 shining eyes
  2 octopodes (shapeshifter)
  15 elephants
  A stone giant zombie (Tomb:1)
  An elephant (shapeshifter) (Vaults:4)
  A stone giant skeleton (Crypt:3)
  2 ice statues (IceCv)
  A siren (D:14)
  2 sixfirhies
  3 guardian serpents
  15 vault sentinels
  4 eyes of devastation
  An iron dragon skeleton (Crypt:3)
  A rust devil (Depths:2)
  21 naga magi
  2 water nymphs (Depths:2)
  37 black mambas
  3 centaur zombies
  2 dire elephant zombies (Crypt:3)
  Maurice (D:12)
  4 molten gargoyles (D:10)
  2 dire elephant skeletons (Crypt:3)
  2 smoke demons (Depths:3)
  4 gargoyles
  A human zombie (Vaults:4)
  17 spiny frogs
  3 centaur skeletons
  An emperor scorpion zombie (Crypt:3)
  A black draconian zombie (Crypt:2)
  2 kobold demonologists
  14 freezing wraiths
  28 yaktaurs
  46 guardian mummies
  8 komodo dragons
  A catoblepas skeleton (Crypt:3)
  6 tengu conjurers
  2 spriggan druids (Lair:8)
  3 trolls
  14 hellwings
  2 red devils
  An entropy weaver zombie (Crypt:1)
  A yellow draconian skeleton (Crypt:1)
  A sea snake skeleton (Crypt:1)
  A yaktaur skeleton (Vaults:5)
  A tengu simulacrum (Vaults:5)
  A hydra zombie (Crypt:3)
  3 jumping spiders (Depths:1)
  2 harpy zombies (Crypt:3)
  21 two-headed ogres
  6 giant leeches
  4 polar bears
  A red draconian skeleton (Crypt:2)
  A wolf spider simulacrum (D:15)
  A sphinx simulacrum (Vaults:2)
  11 boulder beetles
  3 bog bodies
  19 ushabtiu
  A fire dragon zombie (Tomb:1)
  Prince Ribbit (D:9)
  16 blink frogs
  2 hydra skeletons (Tomb:1)
  A raiju (D:14)
  Grinder (D:4)
  122 slime creatures
  32 flying skulls
  4 shadows
  A wyvern (D:13)
  14 wraiths
  5 air elementals
  2 ettin skeletons
  14 redbacks
  17 spriggans
  An orc simulacrum (Vaults:2)
  A fire dragon skeleton (Crypt:3)
  3 water elementals
  86 yaks
  2 vampires (WizLab)
  A hog (D:7)
  A human (D:7)
  2 fire bats (Volcano)
  A hungry ghost (D:9)
  A tarantella (Vaults:1)
  A black mamba skeleton (Crypt:3)
  4 hill giant zombies (WizLab)
  10 fire elementals
  2 hogs (shapeshifter)
  9 hippogriffs
  5 basilisks
  An emperor scorpion simulacrum (Crypt:1)
  19 golden eyes
  A basilisk (shapeshifter) (Vaults:3)
  39 vampire mosquitoes
  2 human simulacra
  2 hippogriffs (shapeshifter)
  3 mottled dragons
  73 nagas
  19 swamp worms
  4 insubstantial wisps (Swamp:3)
  12 wargs
  2 deep troll skeletons
  A giant eyeball (Slime:3)
  A spiny frog zombie (Crypt:3)
  20 water moccasins
  11 porcupines
  An infernal demonspawn skeleton (Crypt:2)
  55 orc warriors
  11 swamp drakes
  18 ice beasts
  A manticore zombie (Crypt:3)
  5 black bears
  2 merfolk skeletons
  An ogre (shapeshifter) (D:15)
  2 sky beasts (D:7)
  3 necrophages
  3 phantoms
  5 boggarts (Vaults:2)
  15 wasps
  A swamp dragon zombie (Crypt:3)
  11 eyes of draining
  28 wolves
  12 centaurs
  52 ogres
  A centaur (shapeshifter) (Elf:3)
  2 manticore skeletons
  2 swamp dragon skeletons (Crypt:3)
  17 crocodiles
  4 big kobolds
  24 giant frogs
  3 gnoll sergeants
  9 wyvern skeletons
  A water moccasin skeleton (D:4)
  6 scorpions
  8 troll zombies (WizLab)
  14 killer bees
  12 wights
  An electric eel (Lair:5)
  6 lava snakes
  7 crimson imps
  3 howler monkeys
  A quasit (Depths:3)
  A giant frog zombie (Crypt:1)
  3 iron imps (Depths:3)
  13 hounds
  27 jellies
  23 orc priests
  5 giant frog skeletons
  8 iguanas
  12 human skeletons (Vaults:3)
  26 orc wizards
  11 worker ants
  14 sheep
  2 killer bee zombies
  6 ogre zombies
  A big kobold skeleton (Crypt:1)
  3 hound skeletons
  55 mummies
  A worker ant zombie (D:9)
  25 gnolls
  16 adders
  A howler monkey skeleton (D:11)
  21 river rats
  9 shadow imps
  2 white imps
  2 ufetubi (Depths:3)
  3 oozes
  An ooze (shapeshifter) (Vaults:1)
  An adder zombie (D:9)
  2 adder skeletons
  3 worms
  4 dart slugs
  9 giant geckos
  130 orcs
  3 giant cockroaches
  7 goblins
  19 hobgoblins
  14 jackals
  10 quokkas
  3 ball pythons
  15 bats
  A giant gecko skeleton (D:5)
  8 giant newts
  23 kobolds
  A quokka skeleton (D:6)
  5 rats
  5 briar patches
  2 bushes (D:15)
  3 crawling corpses
  A plant (D:9)
2992 creatures vanquished.

Vanquished Creatures (collateral kills)
  An acid blob (Slime:6)
1 creature vanquished.

Vanquished Creatures (others)
  2 deep elf master archers (Elf:3)
  A tengu reaver (Vaults:5)
  A greater naga (Snake:4)
  A fire giant (Depths:3)
  A deep elf elementalist (Elf:3)
  An ironheart preserver (Vaults:4)
  3 yaktaur captains
  A naga sharpshooter (Snake:2)
  A wizard (Depths:1)
  11 death scarabs
  8 deep elf archers
  A cyclops (D:14)
  A stone giant skeleton (Tomb:3)
  A naga mage (Snake:3)
  5 yaktaurs
  A slime creature (shapeshifter) (Vaults:3)
  14 flying skulls
  A yak (Lair:6)
  A naga (Snake:4)
  A fire dragon simulacrum (Tomb:3)
  A centaur (D:14)
  A worker ant (D:13)
  2 mummies
  A ball lightning (Tomb:1)
  2 orcs
  4 briar patches
  A bush (Lair:3)
  20 fungi
  9 lost souls
  11 plants
  55 spectral weapons
  4 withered plants (Crypt:3)
168 creatures vanquished.

Grand Total: 3161 creatures vanquished

Notes
Turn   | Place    | Note
--------------------------------------------------------------
     0 | D:1      | st0uf the Draconian Skald began the quest for the Orb.
     0 | D:1      | Reached XP level 1. HP: 17/17 MP: 3/3
    70 | D:1      | Found a sparkling altar of Nemelex Xobeh.
   286 | D:1      | Reached XP level 2. HP: 25/25 MP: 0/5
   598 | D:1      | Reached XP level 3. HP: 27/30 MP: 3/6
   943 | D:2      | Reached skill level 2 in Dodging
  1058 | D:2      | Reached XP level 4. HP: 31/37 MP: 3/7
  1298 | D:2      | Learned a level 2 spell: Song of Slaying
  1301 | D:2      | Learned a level 2 spell: Shroud of Golubria
  2114 | D:3      | Reached XP level 5. HP: 31/45 MP: 3/8
  2920 | D:3      | Reached skill level 3 in Dodging
  2920 | D:3      | Reached XP level 6. HP: 27/51 MP: 1/9
  3418 | D:4      | Found Vyac's Jewellery Boutique.
  3440 | D:4      | Reached skill level 1 in Throwing
  3884 | D:4      | Noticed Grinder
  3941 | D:4      | Killed Grinder
  3941 | D:4      | Your scales start taking on a rich purple colour.
  3941 | D:4      | Reached skill level 5 in Charms
  3941 | D:4      | Reached XP level 7. HP: 41/58 MP: 6/10
  3948 | D:4      | Reached skill level 4 in Dodging
  4017 | D:4      | Learned a level 3 spell: Spectral Weapon
  4803 | D:4      | Bought a +3 amulet of reflection for 275 gold pieces
  4847 | D:5      | Entered Level 5 of the Dungeon
  4916 | D:5      | Reached skill level 5 in Maces & Flails
  4965 | D:5      | Reached skill level 1 in Shields
  5007 | D:5      | Reached XP level 8. HP: 63/67 MP: 7/11
  5197 | D:5      | Found a sacrificial altar of Ru.
  5209 | D:5      | Reached skill level 5 in Dodging
  5359 | D:5      | Found Biubyb's Weapon Boutique.
  5391 | D:5      | Got a scorched diamond amulet
  5402 | D:5      | Found a blossoming altar of Fedhas.
  5405 | D:5      | Identified the amulet of Meob {Dismiss Fragile +Inv SInv} (You found it on level 5 of the Dungeon)
  5496 | D:6      | Found a glowing golden altar of the Shining One.
  5669 | D:6      | Learned a level 3 spell: Regeneration
  5840 | D:6      | Found a white marble altar of Elyvilon.
  6029 | D:7      | Found Reoloido's Antique Armour Boutique.
  6124 | D:7      | Reached skill level 5 in Fighting
  6227 | D:7      | Reached skill level 6 in Dodging
  6315 | D:7      | Reached XP level 9. HP: 59/74 MP: 8/12
  6580 | D:7      | Found a staircase to the Ecumenical Temple.
  6613 | Temple   | Entered the Ecumenical Temple
  6754 | D:6      | Became a worshipper of the Shining One
  7205 | D:7      | Got a jewelled flail
  7206 | D:7      | Identified the +6 flail "Imoedypp" {crush, rN++ Str+10 Dex-3 Stlth+} (You found it on level 7 of the Dungeon)
  7559 | D:7      | Reached skill level 7 in Dodging
  7710 | D:7      | Bought a pair of ichor-stained gloves for 247 gold pieces
  7710 | D:7      | Identified the +2 pair of gloves "Bane Jei" {rElec rN+ Dex+4} (You bought it in a shop on level 7 of the Dungeon)
  8284 | D:8      | Found a sparkling altar of Nemelex Xobeh.
  8287 | D:8      | Found a basalt altar of Yredelemnul.
  8381 | D:8      | Reached * piety under the Shining One
  8463 | D:9      | Reached XP level 10. HP: 54/83 MP: 5/13
  8603 | D:9      | Found a staircase to the Lair.
  8624 | Lair:1   | Entered Level 1 of the Lair of Beasts
  8670 | Lair:1   | Noticed a spiny frog
  8681 | Lair:1   | Killed a spiny frog
  8706 | Lair:1   | Reached skill level 8 in Dodging
  8727 | Lair:1   | Reached skill level 10 in Maces & Flails
  8817 | Lair:1   | Noticed georgeearnest's ghost (novice TrMo)
  8822 | Lair:1   | Noticed Gagarin's ghost (novice MiFi)
  8822 | Lair:1   | Reached ** piety under the Shining One
  8977 | Lair:1   | Noticed Nergalle
  8999 | Lair:1   | Found a labyrinth entrance.
  9006 | Lab      | Entered a labyrinth
  9807 | Lab      | Noticed a minotaur
  9833 | Lab      | HP: 4/86 [minotaur/lightning rod (18)]
  9835 | Lab      | Killed a minotaur
  9835 | Lab      | Reached skill level 5 in Shields
  9835 | Lab      | Reached XP level 11. HP: 7/92 MP: 8/14
  9856 | Lab      | Identified the Compendium of the Runes
 10177 | Lab      | Got a shimmering morningstar
 10178 | Lab      | Got a polished quarterstaff
 10289 | D:9      | Noticed Prince Ribbit
 10297 | D:9      | Killed Prince Ribbit
 10433 | D:9      | Reached skill level 9 in Dodging
 10463 | D:9      | Identified the cursed +1 morningstar of Defenestration {venom, *Corrode rN+++ Str+4 SInv} (You found it in a labyrinth)
 10523 | D:9      | Identified a +6 rod of inaccuracy (14/14) (You found it in a labyrinth)
 10630 | D:9      | Found a glowing silver altar of Zin.
 10659 | D:9      | Noticed a hill giant
 10668 | D:9      | Killed a hill giant
 10714 | D:9      | Found a shadowy altar of Dithmenos.
 10834 | D:10     | Entered Level 10 of the Dungeon
 10834 | D:10     | Noticed a hill giant
 10842 | D:10     | Killed a hill giant
 11914 | D:10     | Reached *** piety under the Shining One
 12298 | D:10     | Noticed an unseen horror
 12316 | D:10     | Killed an unseen horror
 12450 | D:11     | Noticed Snorg
 12451 | D:11     | Noticed an unseen horror
 12484 | D:11     | Killed an unseen horror
 12494 | D:11     | Killed Snorg
 12494 | D:11     | Reached XP level 12. HP: 17/101 MP: 9/15
 13390 | D:12     | Reached skill level 10 in Dodging
 13408 | D:12     | Found a white marble altar of Elyvilon.
 13732 | D:12     | Noticed Maurice
 13747 | D:12     | Killed Maurice
 13776 | D:12     | Noticed Azrael
 13776 | D:12     | Reached skill level 1 in Translocations
 13801 | D:12     | Killed Azrael
 14342 | D:12     | Reached **** piety under the Shining One
 14464 | D:12     | Found a roughly hewn altar of Beogh.
 14464 | D:12     | Found a staircase to the Orcish Mines.
 14692 | Orc:1    | Entered Level 1 of the Orcish Mines
 15416 | Orc:1    | Found a roughly hewn altar of Beogh.
 15536 | Orc:2    | Entered Level 2 of the Orcish Mines
 15756 | Orc:2    | Noticed Josephine
 15763 | Orc:2    | Killed Josephine
 15900 | Orc:2    | Found a staircase to the Elven Halls.
 15977 | Orc:2    | Noticed Rupert
 16025 | Orc:1    | Killed Rupert
 16025 | Orc:1    | Reached skill level 11 in Dodging
 16025 | Orc:1    | Reached skill level 1 in Hexes
 16025 | Orc:1    | Reached XP level 13. HP: 35/111 MP: 4/16
 16366 | Orc:2    | Reached ***** piety under the Shining One
 16920 | Orc:2    | Found Hiuroura's Distillery.
 16920 | Orc:2    | Found Xubudech's Assorted Antiques.
 16971 | Orc:2    | Bought a potion of heal wounds for 60 gold pieces
 16971 | Orc:2    | Bought a potion of heal wounds for 60 gold pieces
 16971 | Orc:2    | Bought a potion of might for 48 gold pieces
 16981 | Orc:2    | Found a roughly hewn altar of Beogh.
 17691 | Orc:2    | Found Jaremmot's Antique Weapon Shop.
 17691 | Orc:2    | Found Azaos's General Store.
 17767 | Orc:2    | Noticed Donald
 18299 | Orc:2    | Killed Donald
 18719 | Orc:1    | Reached skill level 10 in Fighting
 19117 | D:13     | Reached skill level 10 in Charms
 19573 | D:13     | Found a gate to the Vaults.
 19573 | D:13     | Noticed a vault guard
 19573 | D:13     | Noticed a vault guard
 19573 | D:13     | Noticed a vault guard
 19598 | D:13     | Killed a vault guard
 19628 | D:13     | Killed a vault guard
 19639 | D:13     | Noticed a vault guard
 19657 | D:13     | Killed a vault guard
 19657 | D:13     | Reached XP level 14. HP: 99/122 MP: 6/17
 20265 | D:14     | Found a portal to a secret trove of treasure.
 20592 | D:14     | Reached skill level 12 in Dodging
 21160 | D:14     | Reached ****** piety under the Shining One
 21654 | D:14     | Got a smoking jade ring
 21655 | D:14     | Identified the ring "Irghyvy" {rF+ rN+} (You took it off a siren on level 14 of the Dungeon)
 21710 | D:15     | Entered Level 15 of the Dungeon
 21843 | D:15     | Noticed Sonja
 21850 | D:15     | Killed Sonja
 21850 | D:15     | Reached skill level 15 in Maces & Flails
 22160 | D:15     | Noticed Urug
 22188 | D:15     | Reached skill level 10 in Shields
 22204 | D:15     | Killed Urug
 22479 | D:15     | Reached XP level 15. HP: 130/130 MP: 14/18
 22701 | D:15     | Found a staircase to the Depths.
 22888 | Lair:1   | Killed georgeearnest's ghost
 22904 | Lair:1   | Killed Gagarin's ghost
 22945 | Lair:1   | Killed Nergalle
 23506 | Orc:2    | Bought a scroll of brand weapon for 220 gold pieces
 24144 | Lair:2   | Found a frozen archway.
 24227 | IceCv    | Entered an ice cave
 24538 | Lair:2   | Got a crystal flail
 24807 | Lair:3   | Found a staircase to the Snake Pit.
 24957 | Lair:3   | Reached skill level 13 in Dodging
 25233 | Lair:3   | Noticed Fannar
 25245 | Lair:3   | Killed Fannar
 25733 | Lair:4   | Found a staircase to the Swamp.
 27017 | Lair:6   | Found a staircase to the Slime Pits.
 27017 | Lair:6   | Found a viscous altar of Jiyva.
 27549 | Lair:1   | Identified the cursed +1 flail of Painful Death {speed, rF- Dex+4} (You found it on level 2 of the Lair of Beasts)
 28010 | Lair:7   | Got a pair of crude boots
 28190 | Lair:7   | Reached skill level 5 in Hexes
 28535 | Lair:8   | Entered Level 8 of the Lair of Beasts
 28578 | Lair:8   | Found a dark tunnel.
 28586 | Volcano  | Entered a volcano
 28717 | Volcano  | Found a bloodstained altar of Trog.
 28724 | Volcano  | Reached XP level 16. HP: 121/141 MP: 19/19
 28761 | Volcano  | Learned a level 3 spell: Gell's Gravitas
 28765 | Volcano  | Learned a level 3 spell: Confuse
 28979 | Lair:8   | Reached skill level 1 in Invocations
 29170 | Lair:8   | Reached skill level 14 in Dodging
 30058 | Lair:8   | Identified the +1 pair of boots "Juusyrch" {Dex+6} (You found it on level 7 of the Lair of Beasts)
 30554 | Elf:1    | Entered Level 1 of the Elven Halls
 31306 | Elf:1    | Identified Sif Muna's Incunabulum of Battle Magic
 31522 | Elf:1    | Reached skill level 5 in Invocations
 31802 | Elf:1    | Found Rujovan's Magic Scroll Shop.
 31815 | Elf:1    | Bought a scroll of enchant armour for 97 gold pieces
 31815 | Elf:1    | Bought a scroll of identify for 26 gold pieces
 31815 | Elf:1    | Bought a scroll of acquirement for 676 gold pieces
 31815 | Elf:1    | Bought a scroll of identify for 26 gold pieces
 31815 | Elf:1    | Bought a scroll of enchant armour for 97 gold pieces
 31815 | Elf:1    | Bought a scroll of blinking for 97 gold pieces
 31815 | Elf:1    | Bought a scroll of vulnerability for 97 gold pieces
 32567 | Elf:2    | Reached XP level 17. HP: 133/150 MP: 21/21
 32724 | Elf:2    | Reached skill level 15 in Dodging
 32820 | Elf:2    | Found a runed gate.
 32820 | Elf:2    | Found a runed gate.
 32821 | Elf:2    | Found a runed gate.
 33396 | Elf:2    | Noticed a deep elf blademaster
 33416 | Elf:2    | Killed a deep elf blademaster
 34071 | Elf:3    | Entered Level 3 of the Elven Halls
 34123 | Elf:3    | Found a magical portal.
 34139 | WizLab   | Entered Zonguldrok's Shrine
 34379 | WizLab   | Noticed an antique lich
 34393 | WizLab   | Killed an antique lich
 35144 | Elf:3    | Noticed a deep elf blademaster
 35155 | Elf:3    | Killed a deep elf blademaster
 35416 | Elf:3    | Got a steaming bone amulet
 35438 | Elf:3    | Identified the amulet of Yruitisa {Reflect rElec SH+3} (You found it on level 3 of the Elven Halls)
 35442 | Elf:3    | Got a flickering lead ring
 35443 | Elf:3    | Identified the ring of Finality {Wiz +Blink rPois rF+++ Dex-4} (You took it off a deep elf knight on level 3 of the Elven Halls)
 35448 | Elf:3    | Got a warped wooden ring
 35553 | Elf:3    | Reached XP level 18. HP: 161/161 MP: 24/24
 35747 | Elf:3    | Reached skill level 16 in Dodging
 35904 | Elf:3    | Learned a level 1 spell: Apportation
 35907 | Elf:3    | Learned a level 2 spell: Blink
 35963 | Elf:3    | Identified the ring "Ukousk" {Str+4 Dex+4} (You took it off a deep elf knight on level 3 of the Elven Halls)
 36181 | Lair:1   | Identified a +9 morningstar of holy wrath (a +9 morningstar of protection blessed by the Shining One)
 36181 | Lair:1   | Received a gift from the Shining One
 36474 | Elf:3    | Got a crude granite ring
 36580 | Elf:3    | Identified the ring of Starshine {rC+ rN++ Int-5 Slay+5 SInv} (You found it on level 3 of the Elven Halls)
 36871 | Snake:1  | Entered Level 1 of the Snake Pit
 37159 | Snake:1  | Reached skill level 15 in Shields
 37636 | Snake:2  | Found a basalt altar of Yredelemnul.
 38025 | Snake:2  | Reached skill level 15 in Fighting
 38410 | Snake:2  | Noticed Vashnia
 38446 | Snake:2  | Killed Vashnia
 38799 | Snake:2  | Reached skill level 10 in Invocations
 38819 | Snake:2  | Noticed Aizul
 38828 | Snake:2  | Killed Aizul
 39014 | Snake:2  | Found Warex's Book Boutique.
 40149 | Snake:3  | Reached XP level 19. HP: 156/170 MP: 26/26
 40186 | Snake:3  | Reached skill level 17 in Dodging
 40334 | Snake:3  | Found Nesch's Armour Shop.
 40342 | Snake:3  | Bought a +2 storm dragon armour for 1380 gold pieces
 40614 | D:14     | You paid a toll of a +2 storm dragon armour to enter a treasure trove
 40615 | Trove    | Entered a treasure trove
 40622 | Trove    | Got a polished shield
 40624 | Trove    | Got a brightly glowing cloak
 40627 | Trove    | Got a pair of spiked gloves
 40630 | Trove    | Got a pair of steaming gloves
 40632 | Trove    | Got an ichor-stained cloak
 40658 | Trove    | Identified the +0 pair of gloves of the Flute {rF+ rN+ Stlth+} (You found it in a treasure trove)
 40668 | Trove    | Identified the +0 pair of gloves of Donlyg {Str+3 Dex+4} (You found it in a treasure trove)
 40678 | Trove    | Identified the +3 cloak of Rak Yqeq {MR+} (You found it in a treasure trove)
 40688 | Trove    | Identified the +1 cloak "Vipraex" {rElec Int+2} (You found it in a treasure trove)
 40698 | Trove    | Identified the +0 shield of Sin {Dex+5} (You found it in a treasure trove)
 41165 | Swamp:1  | Entered Level 1 of the Swamp
 43392 | Swamp:3  | Found a shimmering altar of Xom.
 44008 | Swamp:4  | Entered Level 4 of the Swamp
 44616 | Swamp:4  | Noticed the 27-headed Lernaean hydra
 46173 | Snake:3  | Reached skill level 18 in Dodging
 46375 | Snake:4  | Entered Level 4 of the Snake Pit
 46680 | Snake:4  | Reached skill level 5 in Translocations
 46740 | Snake:4  | Reached XP level 20. HP: 182/182 MP: 22/28
 47625 | Snake:4  | Reached skill level 5 in Spellcasting
 48132 | Snake:4  | Got a serpentine rune of Zot
 48404 | Lair:1   | Learned a level 2 spell: Repel Missiles
 48409 | Lair:1   | Learned a level 4 spell: Cause Fear
 48411 | Lair:1   | Learned a level 1 spell: Magic Dart
 48416 | Lair:1   | Learned a level 4 spell: Force Lance
 48514 | Vaults:1 | Entered Level 1 of the Vaults
 48792 | Vaults:1 | Got a brightly glowing hat
 48795 | Vaults:1 | Identified the +1 hat of Saecigri {rN+ Regen+ SInv} (You found it on level 1 of the Vaults)
 48803 | Vaults:1 | Found a radiant altar of Vehumet.
 48808 | Vaults:1 | Noticed a Tzitzimitl
 48813 | Vaults:1 | Reached skill level 19 in Dodging
 48818 | Vaults:1 | Got an encrusted hat
 48847 | Vaults:1 | Identified the +0 hat "Uqialut" {rC++} (You found it on level 1 of the Vaults)
 49495 | Vaults:1 | Reached XP level 21. HP: 123/192 MP: 31/31
 50256 | Vaults:2 | Noticed Nikola
 50269 | Vaults:2 | Killed Nikola
 50985 | Vaults:2 | Reached skill level 20 in Dodging
 51254 | Vaults:3 | Found a staircase to the Crypt.
 51834 | Vaults:3 | Found Tonnelly's Distillery.
 53342 | Vaults:4 | Found a sacrificial altar of Ru.
 53467 | Vaults:4 | Reached XP level 22. HP: 204/204 MP: 35/35
 53563 | Vaults:4 | Found Namom's Distillery.
 53755 | Vaults:4 | Found Nooriant's Magic Scroll Shop.
 53796 | Vaults:4 | Bought a scroll of identify for 40 gold pieces
 53796 | Vaults:4 | Bought a scroll of identify for 40 gold pieces
 53796 | Vaults:4 | Bought a scroll of identify for 40 gold pieces
 53796 | Vaults:4 | Bought a scroll of identify for 40 gold pieces
 54142 | Vaults:5 | Entered Level 5 of the Vaults
 54566 | Vaults:4 | Reached skill level 21 in Dodging
 54942 | Vaults:4 | Reached skill level 10 in Spellcasting
 55053 | Vaults:5 | Noticed a golden dragon
 55443 | Vaults:4 | Killed a golden dragon
 55542 | Vaults:5 | Noticed an ancient lich
 55684 | Vaults:4 | Killed an ancient lich
 55786 | Vaults:5 | Noticed a golden dragon
 55829 | Vaults:5 | Killed a golden dragon
 56173 | Vaults:5 | Got a clouded lead ring
 56174 | Vaults:5 | Identified the ring "Ladghof" {rC+ AC+3 Int+2 Dex+2} (You took it off a deep elf elementalist on level 5 of the Vaults)
 56235 | Vaults:5 | Got a brightly glowing battleaxe
 56236 | Vaults:5 | Identified the +7 battleaxe of the Rat {pain, MP+9 Str+6} (You found it on level 5 of the Vaults)
 56386 | Vaults:5 | Reached XP level 23. HP: 109/215 MP: 34/37
 56391 | Vaults:5 | Reached skill level 1 in Air Magic
 57216 | Vaults:5 | Reached skill level 22 in Dodging
 57471 | Vaults:5 | Noticed Liquid's ghost (legendary HuFi)
 57492 | Vaults:5 | Killed Liquid's ghost
 57966 | Vaults:5 | Got a faintly glowing copper amulet
 57967 | Vaults:5 | Identified the amulet of the Four Stars {Faith MR+} (You found it on level 5 of the Vaults)
 58124 | Vaults:5 | Got a silver rune of Zot
 58409 | Vaults:5 | Identified the Grimoire of Nocuous Protection
 59360 | Crypt:1  | Entered Level 1 of the Crypt
 59974 | Crypt:2  | Reached skill level 23 in Dodging
 60547 | Crypt:3  | Entered Level 3 of the Crypt
 61160 | Crypt:3  | Reached XP level 24. HP: 225/226 MP: 38/38
 61503 | Crypt:3  | Found a staircase to the Tomb.
 61680 | Crypt:3  | Found an ancient bone altar of Kikubaaqudgha.
 61766 | Crypt:3  | Reached skill level 24 in Dodging
 61841 | Crypt:3  | Noticed an ancient lich
 61858 | Crypt:3  | Killed an ancient lich
 61872 | Crypt:3  | Identified the Volume of Necromancy
 62098 | Tomb:1   | Entered Level 1 of the Tomb of the Ancients
 62398 | Lair:1   | Identified a +4 rod of ignition (13/13) (You found it on level 3 of the Crypt)
 63642 | Tomb:2   | Noticed a greater mummy
 63642 | Tomb:2   | Noticed a greater mummy
 63642 | Tomb:2   | Noticed a greater mummy
 63642 | Tomb:2   | Noticed a greater mummy
 63845 | Tomb:1   | Killed a greater mummy
 64225 | Tomb:1   | Killed a greater mummy
 64395 | Tomb:1   | Killed a greater mummy
 64398 | Tomb:1   | Killed a greater mummy
 64639 | Tomb:1   | Reached skill level 25 in Dodging
 66053 | Tomb:1   | Noticed a greater mummy
 66053 | Tomb:1   | Noticed a greater mummy
 66053 | Tomb:1   | Noticed a greater mummy
 66060 | Tomb:2   | Killed a greater mummy
 66086 | Tomb:2   | Killed a greater mummy
 66109 | Tomb:2   | Killed a greater mummy
 66307 | Tomb:1   | Noticed a greater mummy
 66319 | Tomb:1   | Killed a greater mummy
 66319 | Tomb:1   | Reached XP level 25. HP: 72/230 MP: 38/38
 66708 | Tomb:1   | Noticed a greater mummy
 66709 | Tomb:1   | Noticed a greater mummy
 66715 | Tomb:1   | Killed a greater mummy
 66717 | Tomb:1   | Noticed a greater mummy
 66722 | Tomb:1   | Killed a greater mummy
 66730 | Tomb:1   | Killed a greater mummy
 66776 | Tomb:1   | Noticed a greater mummy
 67084 | Tomb:1   | Killed a greater mummy
 67094 | Tomb:1   | Noticed a greater mummy
 67101 | Tomb:1   | Noticed a greater mummy
 67102 | Tomb:1   | Killed a greater mummy
 67103 | Tomb:1   | Noticed a greater mummy
 67119 | Tomb:1   | Killed a greater mummy
 68088 | Swamp:4  | Got a decaying rune of Zot
 68271 | Swamp:4  | Killed the 27-headed Lernaean hydra
 68271 | Swamp:4  | Reached skill level 1 in Conjurations
 68623 | Depths:1 | Entered Level 1 of the Depths
 69221 | Depths:1 | Found a shattered altar of Ashenzari.
 69710 | Depths:1 | Found a gateway to Hell.
 70216 | Depths:2 | Reached skill level 26 in Dodging
 71059 | Depths:2 | Noticed the Enchantress
 71067 | Depths:2 | Killed the Enchantress
 71071 | Depths:2 | Got a faerie dragon armour
 71072 | Depths:2 | Identified the +1 faerie dragon armour {Str+8} (You took it off the Enchantress on level 2 of the Depths)
 71664 | Tomb:1   | Noticed a greater mummy
 71671 | Tomb:1   | Killed a greater mummy
 71671 | Tomb:1   | Reached skill level 5 in Conjurations
 71681 | Tomb:1   | Killed a greater mummy
 71681 | Tomb:1   | HP: 10/224 [torment (3)]
 72572 | Depths:3 | Found Ycsozu's Food Emporium.
 72701 | Depths:3 | Reached XP level 26. HP: 213/234 MP: 38/38
 72725 | Depths:3 | Reached skill level 10 in Translocations
 72801 | Depths:3 | Got a brightly glowing ruby amulet
 72809 | Depths:3 | Got a jewelled flail
 72811 | Depths:3 | Identified the +8 flail of Midsummer {drain, *Corrode rC++ Int-2 SInv} (You found it on level 3 of the Depths)
 72814 | Depths:3 | Identified the amulet "Onujilil" {+Rage rElec Str+2 Dex+2} (You found it on level 3 of the Depths)
 73086 | Depths:3 | Found a gateway to a ziggurat.
 73543 | Depths:3 | Found a one-way gate leading to the halls of Pandemonium.
 74177 | Tomb:1   | Noticed a greater mummy
 74188 | Tomb:1   | Killed a greater mummy
 74391 | Tomb:1   | Noticed a greater mummy
 74398 | Tomb:1   | Killed a greater mummy
 75074 | Tomb:3   | Entered Level 3 of the Tomb of the Ancients
 75092 | Tomb:3   | Noticed a greater mummy
 75456 | Tomb:3   | Killed a greater mummy
 75483 | Tomb:3   | Reached skill level 27 in Dodging
 75651 | Tomb:3   | Noticed a greater mummy
 75652 | Tomb:3   | Noticed a greater mummy
 76358 | Tomb:2   | Killed a greater mummy
 76402 | Tomb:2   | Killed a greater mummy
 76784 | Tomb:3   | Noticed Sojobo
 76796 | Tomb:3   | Killed Sojobo
 76959 | Tomb:3   | Noticed a greater mummy
 77293 | Tomb:3   | Killed a greater mummy
 77377 | Tomb:3   | Gained mutation: You are resistant to electric shocks. [potion of beneficial mutation]
 77390 | Tomb:3   | Got a twitching iron ring
 77391 | Tomb:3   | Identified the ring "Oni Jausak" {+Fly rF+ Str+4 Int-2} (You found it on level 3 of the Tomb of the Ancients)
 77396 | Tomb:3   | Identified Raedyuza's Volume of Cold (You found it on level 3 of the Tomb of the Ancients)
 77396 | Tomb:3   | Got a transparent steel ring
 77397 | Tomb:3   | Identified the ring "Orchum" {SustAt +Fly rC- Str+6 Stlth+} (You found it on level 3 of the Tomb of the Ancients)
 77703 | Tomb:3   | Noticed a greater mummy
 77728 | Tomb:3   | Killed a greater mummy
 77728 | Tomb:3   | Reached XP level 27. HP: 241/241 MP: 36/38
 77738 | Tomb:3   | Noticed a greater mummy
 77746 | Tomb:3   | Killed a greater mummy
 77967 | Tomb:3   | Noticed a greater mummy
 77983 | Tomb:3   | Killed a greater mummy
 77998 | Tomb:3   | Noticed a greater mummy
 78007 | Tomb:3   | Killed a greater mummy
 78202 | Tomb:3   | Noticed a greater mummy
 78211 | Tomb:3   | Killed a greater mummy
 78249 | Tomb:3   | Noticed Boris
 78263 | Tomb:3   | Killed Boris
 78285 | Tomb:3   | Got a golden rune of Zot
 78393 | Tomb:3   | Got a fine shortbow
 78394 | Tomb:3   | Identified the +3 shortbow "Dragon's Tongue" {venom, rElec rPois MP-9 Stlth+} (You took it off a guardian mummy on level 3 of the Tomb of the Ancients)
 79023 | Lair:1   | Learned a level 4 spell: Passage of Golubria
 79030 | Lair:1   | Learned a level 6 spell: Haste
 79054 | Lair:1   | Got a slimy shield
 79055 | Lair:1   | Identified the +0 shield of Nihilism {Str+4} (You acquired it on level 1 of the Lair of Beasts)
 79059 | Lair:1   | Got a pitted shield
 79060 | Lair:1   | Identified the +0 shield "Ogry" {rC+ MR+ Dex-2 Slay+5} (You acquired it on level 1 of the Lair of Beasts)
 79193 | Slime:1  | Entered Level 1 of the Pits of Slime
 79514 | Slime:2  | Lost mutation: You are resistant to electric shocks. [a shining eye]
 79516 | Slime:2  | Gained mutation: Your magical capacity is low (-10% MP). [a shining eye]
 79711 | Slime:1  | Found a viscous altar of Jiyva.
 79986 | Slime:3  | Gained mutation: You are dopey. (Int -2) [a shining eye]
 79988 | Slime:3  | Gained mutation: You have a pair of small horns on your head. [a shining eye]
 79990 | Slime:3  | Gained mutation: You occasionally shout uncontrollably at your foes. [a shining eye]
 79994 | Slime:3  | Lost mutation: You are dopey. (Int -2) [a shining eye]
 79996 | Slime:3  | Gained mutation: You are clumsy. (Dex -2) [a shining eye]
 79998 | Slime:3  | Gained mutation: You are weak. (Str -2) [a shining eye]
 80496 | Slime:3  | Gained mutation: You are frail (-10% HP). [a shining eye]
 80668 | Slime:6  | Entered Level 6 of the Pits of Slime
 80711 | Slime:6  | Gained mutation: Your magical capacity is very low (-20% MP). [a shining eye]
 81024 | Slime:6  | Gained mutation: You are occasionally teleported next to monsters. [a shining eye]
 81110 | Slime:4  | Noticed Dissolution
 81127 | Slime:4  | Paralysed by a giant eyeball for 3 turns
 81133 | Slime:4  | Killed Dissolution
 81259 | Slime:5  | Lost mutation: You are weak. (Str -2) [potion of cure mutation]
 81259 | Slime:5  | Lost mutation: Your magical capacity is very low (-20% MP). [potion of cure mutation]
 81259 | Slime:5  | Lost mutation: You are frail (-10% HP). [potion of cure mutation]
 81259 | Slime:5  | Lost mutation: Your magical capacity is low (-10% MP). [potion of cure mutation]
 81691 | Vaults:4 | Bought a potion of cure mutation for 275 gold pieces
 82152 | Slime:6  | Reached skill level 5 in Air Magic
 82443 | Slime:6  | Gained mutation: You sometimes yell uncontrollably at your foes. [a shining eye]
 82519 | Slime:6  | Found a viscous altar of Jiyva.
 82521 | Slime:6  | Noticed the Royal Jelly
 82860 | Slime:6  | Gained mutation: Scrolls take you a little longer to read. [a shining eye]
 83120 | Slime:6  | Gained mutation: You are somewhat resistant to further mutation. [a shining eye]
 83713 | Slime:6  | The Shining One protects you from harm!
 83713 | Slime:6  | HP: 10/245 [acid[the Royal Jelly] (8)]
 83715 | Slime:5  | Splashed by an acid blob's acid

Skill      XL: |  1  2  3  4  5  6  7  8  9 10 11 12 13 14 15 16 17 18 19 20 21 22 23 24 25 26 27 |
---------------+----------------------------------------------------------------------------------+-----
Charms         | 3 5 6 7 9 10 | 10.1
Dodging        | 2 3 4 6 7 8 9 11 12 13 14 15 16 18 19 20 21 23 25 26 27 | 27.0
Maces & Flails | 3 4 5 7 8 10 12 13 14 15 | 15.2
Fighting       | 3 4 5 6 7 8 9 10 11 12 13 14 15 16 17 18 19 20 22 23 24 26 | 26.2
Throwing       | 1 |  1.2
Shields        | 1 2 3 5 6 8 10 12 13 14 15 | 15.0
Translocations | 1 2 3 5 6 7 8 9 10 | 10.2
Hexes          | 1 2 3 5 6 7 8 9 |  9.2
Invocations    | 5 8 10 11 12 14 | 14.3
Spellcasting   | 3 7 9 10 11 | 11.2
Air Magic      | 1 5 |  5.4
Conjurations   | 5 8 |  8.6

Action                   |  1- 3 |  4- 6 |  7- 9 | 10-12 | 13-15 | 16-18 | 19-21 | 22-24 | 25-27 || total
-------------------------+-------+-------+-------+-------+-------+-------+-------+-------+-------++-------
Melee: Mace              |   104 |   170 |   238 |       |       |       |       |       |       ||   512
       Tailslap          |     6 |    21 |    60 |   107 |   311 |   303 |   472 |   382 |   375 ||  2037
       Staff             |       |    11 |    15 |       |       |       |       |       |       ||    26
       Flail             |       |       |   129 |   619 |  1319 |  1296 |  1198 |   767 |   760 ||  6088
       Whip              |       |       |    29 |       |       |       |       |       |       ||    29
       Morningstar       |       |       |       |       |       |       |   683 |   835 |   865 ||  2383
       Headbutt          |       |       |       |       |       |       |       |       |   159 ||   159
Throw: Stone             |       |    56 |    19 |       |     9 |   122 |       |       |       ||   206
       Tomahawk          |       |     4 |       |       |       |       |       |       |       ||     4
 Cast: Infusion          |    19 |    25 |    29 |    31 |    27 |    26 |    14 |    12 |    27 ||   210
       Song of Slaying   |       |     3 |     8 |    19 |    35 |    20 |    35 |    34 |    37 ||   191
       Shroud of Golubri |       |     1 |       |    17 |    14 |    15 |    13 |    36 |    49 ||   145
       Regeneration      |       |       |     1 |       |       |       |       |       |       ||     1
       Spectral Weapon   |       |       |       |     6 |    76 |    58 |    35 |     5 |     7 ||   187
       Gell's Gravitas   |       |       |       |       |       |     1 |       |       |       ||     1
       Apportation       |       |       |       |       |       |       |    99 |    22 |    24 ||   145
       Magic Dart        |       |       |       |       |       |       |     4 |       |       ||     4
       Repel Missiles    |       |       |       |       |       |       |     3 |     6 |     4 ||    13
       Blink             |       |       |       |       |       |       |       |     4 |     3 ||     7
       Force Lance       |       |       |       |       |       |       |       |       |     2 ||     2
Invok: Divine Shield     |       |       |       |       |     1 |       |     2 |     1 |     2 ||     6
       Brand Weapon With |       |       |       |       |       |     1 |       |       |       ||     1
       Cleansing Flame   |       |       |       |       |       |       |       |     1 |    20 ||    21
       Summon Divine War |       |       |       |       |       |       |       |       |     1 ||     1
 Abil: Breathe Dispellin |       |       |     1 |     4 |     3 |     6 |       |     1 |     2 ||    17
       Evoke Flight      |       |       |       |       |       |       |     3 |       |       ||     3
       Evoke Blink       |       |       |       |       |       |       |     2 |       |       ||     2
Evoke: Wand              |       |       |       |     3 |       |     8 |     1 |     2 |     2 ||    16
  Use: Scroll            |       |       |     3 |    23 |    20 |     9 |     6 |     7 |    15 ||    83
       Potion            |       |       |       |     3 |     3 |     4 |       |     3 |     8 ||    21
 Stab: Sleeping          |     1 |     1 |     5 |     1 |       |     1 |       |       |       ||     9
       Distracted        |       |       |     2 |     1 |       |       |     1 |     1 |       ||     5
       Paralysed         |       |       |     1 |       |       |       |       |       |       ||     1
  Eat: Chunk             |     1 |    10 |    17 |    25 |    55 |    33 |    41 |    21 |    18 ||   221
       Beef jerky        |       |       |       |     2 |       |     2 |       |     1 |       ||     5
       Fruit             |       |       |       |     3 |       |       |     2 |       |       ||     5
       Royal jelly       |       |       |       |       |     1 |     1 |     1 |       |     2 ||     5
       Meat ration       |       |       |       |       |       |     1 |     1 |       |       ||     2
       Bread ration      |       |       |       |       |       |     2 |       |     4 |     9 ||    15
       Pizza             |       |       |       |       |       |       |     1 |     4 |     2 ||     7
Armor: Skin              |    59 |    47 |    82 |    78 |   113 |    66 |   185 |   184 |   241 ||  1055
Dodge: Dodged            |    95 |    95 |   213 |   325 |   379 |   344 |   717 |   691 |   992 ||  3851
       Deflected         |       |       |       |       |       |       |     5 |    17 |    19 ||    41
Block: Buckler           |       |    10 |   127 |   202 |    76 |       |       |       |       ||   415
       Reflection        |       |       |     4 |    18 |    49 |   156 |   145 |    28 |    50 ||   450
       Shield            |       |       |       |       |   817 |   996 |  1698 |  1348 |  1459 ||  6318
